 Dungeon Crawl Stone Soup version 0.31-a0-214-gb37851dbb3 (webtiles) character file.

Game seed: 14780701290343674768

1000 qw the Skirmisher (level 8, -2/48 HPs)
             Began as a Gargoyle Hexslinger on July 1, 2023.
             Slain by a water moccasin (4 damage)
             ... on level 5 of the Dungeon.
             The game lasted 00:01:28 (3601 turns).

qw the Skirmisher (Gargoyle Hexslinger)             Turns: 3601, Time: 00:01:28

Health: -2/48      AC: 16    Str: 12    XL:     8   Next: 19%
Magic:  23/23      EV: 10    Int: 14    God:
Gold:   309        SH:  0    Dex: 14    Spells: 8/9 levels left

rFire   . . .        c - +0 shortbow
rCold   . . .        (shield currently unavailable)
rNeg    + . .        i - +0 ring mail
rPois   inf          (no helmet)
rElec   +            g - +0 cloak
rCorr   +            (no gloves)
SInv    .            (no boots)
Will    .....        j
                       - Hermit's Pendant {Faith Invo=14 Evo=0 MP+5}
Stlth   +            f - ring of resist corrosion
HPRegen 0.28/turn    h - +4 ring of protection
MPRegen 0.18/turn

%: faith
@: no status effects
A: sickness immunity, AC +5, negative energy resistance 1, electricity
resistance, torment resistance 1, petrification resistance
a: no special abilities


You were on level 5 of the Dungeon.
You visited 1 branch of the dungeon, and saw 5 of its levels.

You collected 309 gold pieces.


Innate Abilities, Weirdness & Mutations

You are immune to sickness and miasma.
Your stone body is resilient. (AC +5)
You are immune to poison.
You resist negative energy. (rN+)
You are resistant to electric shocks. (rElec)
You are resistant to unholy torment.
You are immune to petrification.


   Skills:
 + Level 4.6 Fighting
 - Level 8.0 Ranged Weapons
 - Level 2.4 Armour
 - Level 1.5 Dodging
 - Level 1.0 Spellcasting
 - Level 2.6 Hexes


You had 8 spell levels left.
You knew the following spells:

 Your Spells              Type           Power      Damage    Failure   Level
a - Slow                  Hex            32%        N/A       19%         1

Your spell library contained the following spells:

 Spells                   Type           Power      Damage    Failure   Level
 Inner Flame              Hex/Fire       4%         N/A       69%         3
 Portal Projectile        Hex/Tloc       8%         N/A       69%         3
 Cause Fear               Hex            4%         N/A       88%         4

Inventory:

Hand Weapons
 c - a +0 shortbow (weapon)
Armour
 g - a +0 cloak (worn)
 i - a +0 ring mail (worn)
Jewellery
 f - a ring of resist corrosion (left hand)
 h - a +4 ring of protection (right hand)
 j - the Hermit's Pendant (around neck) {Faith Invo=14 Evo=0 MP+5}
   (You found it on level 4 of the Dungeon)

   [amulet of faith]

   Invo=14: It sets your Invocations skill to 14.
   Evo=0: It sets your Evocations skill to 0.
   It allows you to gain divine favour quickly.
   MP:        It affects your magic capacity (+5).
Scrolls
 k - a scroll of enchant weapon {unknown}
 l - a scroll of identify
 n - a scroll of immolation {unknown}
Potions
 a - 2 potions of curing
 b - a potion of heal wounds {unknown}
 d - a potion of haste {unknown}
 e - a potion of berserk rage {unknown}
 m - 2 potions of degeneration {unknown}

Dungeon Overview and Level Annotations

Branches:
Dungeon (5/15)
 Temple: D:4-7

Altars:


Message History

The scorpion misses you. The scorpion stings you.
You shoot an arrow. The arrow barely misses the scorpion.
The scorpion stings you but does no damage.
You shoot an arrow. The arrow hits the scorpion.
The scorpion is severely wounded.
The scorpion closely misses you.
You shoot an arrow. The arrow hits the scorpion.
The scorpion is severely wounded.
The scorpion stings you but does no damage.
The scorpion barely misses you.
You shoot an arrow. The arrow hits the scorpion.
The scorpion is almost dead.
The scorpion stings you but does no damage.
You shoot an arrow. The arrow hits the scorpion.
The scorpion is almost dead.
The scorpion barely misses you.
You shoot an arrow. The arrow closely misses the scorpion.
The scorpion barely misses you.
The scorpion stings you but does no damage.
You shoot an arrow. The arrow barely misses the scorpion.
The scorpion stings you but does no damage.
You shoot an arrow. The arrow closely misses the scorpion.
The scorpion closely misses you.
You shoot an arrow. The arrow hits the scorpion.
You kill the scorpion!
The water moccasin bites you but does no damage.
You shoot an arrow.
The arrow closely misses the water moccasin.
The water moccasin bites you!
You shoot an arrow. The arrow hits the water moccasin.
The water moccasin is lightly wounded.
The water moccasin bites you but does no damage.
The water moccasin closely misses you.
You shoot an arrow. The arrow hits the water moccasin.
The water moccasin is lightly wounded.
The water moccasin bites you but does no damage. x2
You shoot an arrow.
The arrow barely misses the water moccasin.
The water moccasin bites you.
You die...

#...... #.. ###....
... #..... #.. ####..
#.. #... ##.. ###...
... ##.#...
#S###########......
#%@.......)....##..
#...............###..
#................#...
#....................
#..................#.
....##.##.........####
.....
#.....#........#.
.........
#.#...#..........
.........
#.#..............


You could see a water moccasin.

Vanquished Creatures
  Prince Ribbit (D:5)
  Eustachio (D:4)
  A water moccasin (D:5)
  2 ogres
  2 scorpions (D:5)
  A howler monkey (D:5)
  2 jellies (D:4)
  A hound (D:5)
  An orc priest (D:4)
  2 orc wizards (D:4)
  An adder (D:2)
  2 worms
  4 dart slugs
  5 orcs
  8 ball pythons
  3 bats
  5 endoplasms
  A giant cockroach (D:2)
  2 jackals (D:5)
  5 kobolds
  A quokka (D:4)
  A frilled lizard (D:1)
  4 goblins
  10 rats
66 creatures vanquished.

Notes
Turn   | Place    | Note
-------+----------+-------------------------------------------
     0 | D:1      | qw the Gargoyle Hexslinger began the quest for the Orb.
     0 | D:1      | Reached XP level 1. HP: 12/12 MP: 2/2
     0 | D:1      | 0 ||| qw: Version: 0.3-a-32-g5962c71
     0 | D:1      | 0 ||| qw: Game counter: 7425
     0 | D:1      | 0 ||| qw: Melee chars always use a shield: true
     0 | D:1      | 0 ||| qw: God list: Okawaru
     0 | D:1      | 0 ||| qw: Allow faded altars: false
     0 | D:1      | 0 ||| qw: Do Orc after clearing Dungeon:15 true
     0 | D:1      | 0 ||| qw: Do second Lair branch before Depths: true
     0 | D:1      | 0 ||| qw: Lair rune preference: random
     0 | D:1      | 0 ||| qw: Goals: Normal
     0 | D:1      | 0 ||| PLANNING D:1-11
   445 | D:1      | Reached XP level 2. HP: 16/16 MP: 3/3
   806 | D:1      | 806 ||| UPGRADING to +0 cloak.
   811 | D:1      | 811 ||| READING scroll labelled UDENAM MADWUAHESCHI.
   812 | D:1      | 812 ||| READING scroll labelled CETRIM IHUNOXT.
   825 | D:1      | 825 ||| READING scroll labelled FEISMIBLEY.
   826 | D:1      | 826 ||| DROPPING scroll of poison.
   861 | D:2      | 861 ||| STAIRDANCE
   864 | D:2      | 864 ||| STAIRDANCE
   917 | D:2      | Reached skill level 3 in Ranged Weapons
  1108 | D:2      | Reached XP level 3. HP: 21/21 MP: 4/4
  1363 | D:2      | 1363 ||| DROPPING ring of magical power.
  1364 | D:2      | 1364 ||| READING scroll labelled DAHOCO HONLEKK.
  1365 | D:2      | 1365 ||| READING scroll labelled FUETAA MEYT.
  1366 | D:2      | 1366 ||| READING scroll labelled REOFAU JUAP.
  2110 | D:3      | 2110 ||| UPGRADING to ring of resist corrosion.
  2111 | D:3      | 2111 ||| UPGRADING to +4 ring of protection.
  2112 | D:3      | 2112 ||| READING scroll labelled YLYANINIUX.
  2113 | D:3      | 2113 ||| READING scroll labelled AGIOGGAKHLOY.
  2238 | D:4      | Reached skill level 4 in Ranged Weapons
  2238 | D:4      | Reached XP level 4. HP: 26/26 MP: 5/5
  2335 | D:4      | Found the Hermit's Pendant {Faith Invo=14 Evo=0 MP+5}
  2405 | D:4      | Noticed an ogre
  2413 | D:4      | Killed an ogre
  2414 | D:4      | Reached skill level 5 in Ranged Weapons
  2414 | D:4      | Reached XP level 5. HP: 30/30 MP: 6/6
  2461 | D:4      | 2461 ||| FLEEEEING.
  2462 | D:4      | 2462 ||| FLEEEEING.
  2463 | D:4      | 2463 ||| FLEEEEING.
  2464 | D:4      | 2464 ||| FLEEEEING.
  2465 | D:4      | 2465 ||| FLEEEEING.
  2466 | D:4      | 2466 ||| FLEEEEING.
  2467 | D:4      | 2467 ||| FLEEEEING.
  2470 | D:4      | 2470 ||| FLEEEEING.
  2471 | D:4      | 2471 ||| FLEEEEING.
  2472 | D:4      | 2472 ||| FLEEEEING.
  2473 | D:4      | 2473 ||| FLEEEEING.
  2474 | D:4      | 2474 ||| FLEEEEING.
  2475 | D:4      | 2475 ||| FLEEEEING.
  2476 | D:4      | 2476 ||| FLEEEEING.
  2477 | D:4      | 2477 ||| FLEEEEING.
  2482 | D:4      | Reached skill level 3 in Fighting
  2482 | D:4      | Reached XP level 6. HP: 35/37 MP: 7/7
  2541 | D:4      | Noticed Eustachio
  2571 | D:4      | Killed Eustachio
  2572 | D:4      | Reached skill level 6 in Ranged Weapons
  2996 | D:4      | 2996 ||| UPGRADING to +0 ring mail.
  3006 | D:4      | 3006 ||| DROPPING +0 robe.
  3007 | D:4      | 3007 ||| UPGRADING to Hermit's Pendant {Faith Invo=14 Evo=0
                  | MP+5}.
  3095 | D:4      | 3095 ||| READING scroll labelled HEOQA CEINI.
  3096 | D:4      | 3096 ||| READING scroll labelled HIHASCH KAUB.
  3097 | D:4      | 3097 ||| DRINKING 3 fuming amethyst potions.
  3104 | D:5      | Entered Level 5 of the Dungeon
  3140 | D:5      | HP: 5/38 [ogre/+0 giant club (16)]
  3141 | D:5      | 3141 ||| READING 2 scrolls of teleportation.
  3144 | D:5      | Reached XP level 7. HP: 7/42 MP: 17/17
  3147 | D:5      | 3147 ||| READING scroll of teleportation.
  3256 | D:5      | 3256 ||| FLEEEEING.
  3310 | D:5      | 3310 ||| SWAPPING to +0 shortbow.
  3311 | D:5      | 3311 ||| DROPPING +1 sling.
  3420 | D:5      | Noticed Prince Ribbit
  3438 | D:5      | Killed Prince Ribbit
  3439 | D:5      | Reached skill level 7 in Ranged Weapons
  3439 | D:5      | Reached XP level 8. HP: 42/48 MP: 18/18
  3570 | D:5      | HP: 11/48 [scorpion (3)]
  3574 | D:5      | Reached skill level 8 in Ranged Weapons
  3577 | D:5      | HP: 3/48 [scorpion (5)]
  3588 | D:5      | HP: 5/48 [scorpion (2)]
  3598 | D:5      | HP: 1/48 [water moccasin (7)]
  3601 | D:5      | Slain by a water moccasin

Levels and vault maps discovered:
D:1:      dpeg_arrival_lava_temple_mockup, layout_basic
D:2:      layout_rooms, minmay_misc_feat_x
D:3:      layout_basic, kennysheep_potato
D:4:      layout_basic, uniq_eustachio
D:5:      minmay_recursive_quarters, layout_cave_pools, uniq_prince_ribbit1

Skill      XL: |  1  2  3  4  5  6  7  8 |
---------------+-------------------------+-----
Ranged Weapons | 3 4 5 6 7 8 |  8.0
Fighting       | 2 3 4 |  4.6
Armour         | 2 |  2.4
Dodging        | |  1.5
Spellcasting   | |  1.0
Hexes          | |  2.6

Action                     |  1- 3 |  4- 6 |  7- 9 || total
---------------------------+-------+-------+-------++-------
   Fire: Sling             |   134 |   118 |    28 ||   280
         Shortbow          |       |       |    84 ||    84
    Use: Scroll            |     8 |     3 |     1 ||    12
         Potion            |       |     1 |       ||     1
 Armour: Robe              |    11 |    24 |       ||    35
         Ring mail         |       |       |    65 ||    65
  Dodge: Dodged            |    40 |    34 |    59 ||   133

Table legend:
 A = Non-vault XP
 B = Vault XP
 C = Vault XP percentage of total XP
 D = Non-vault monster count
 E = Vault monster count
 F = Vault count percentage of total count
                 A         B        C        D         E       F
            +---------+---------+-------+---------+---------+-------
      Total |     876 |     553 |  38.7 |      63 |       3 |   4.5
            +---------+---------+-------+---------+---------+-------
        D:1 |      12 |       0 |   0.0 |       9 |       0 |   0.0
        D:2 |      44 |       0 |   0.0 |      16 |       0 |   0.0
        D:3 |      15 |       0 |   0.0 |      10 |       0 |   0.0
        D:4 |     336 |     196 |  36.8 |      16 |       1 |   5.9
        D:5 |     469 |     357 |  43.2 |      12 |       2 |  14.3
            +---------+---------+-------+---------+---------+-------
